Map: Redstorm

Players

Megapixel - Winner!

  • Race: Protoss Protoss
  • Spawn Location: 7:00

Sopris - Winner!

  • Race: Protoss Protoss
  • League: Platinum
  • Spawn Location: 7:00

Michael

  • Race: Zerg Zerg
  • Spawn Location: 1:00

MonstroTown

  • Race: Terran Terran
  • Spawn Location: 1:00

VOD

Have the link to the VOD?

Description

Time

  • Played on: Sept. 7, 2018, 2:05 p.m.
  • Length: 2:34
Show
View Real Time Build Order
Export as new Build Order

Megapixel Protoss - Winner!

Build Orders: Cannon Rush 

Get SALT Encoding   

  12  0:05  Probe  
  13  0:22  Pylon  
  13  0:26  Probe  
  14  0:47  Probe  
  15  0:54  Forge  
  15  1:00  Probe  
  16  1:06  Pylon  
  16  1:21  Pylon  
  16  1:27  Photon Cannon  
  16  1:38  Photon Cannon  
  16  1:42  Photon Cannon  
  16  1:53  Photon Cannon  
  16  1:57  Probe, Pylon  
  17  2:05  Probe  
  17  2:15  Photon Cannon  
  18  2:25  Pylon  
Show
View Real Time Build Order
Export as new Build Order

Sopris Protoss - Winner!

Build Orders:  

Get SALT Encoding   

  12  0:01  Probe  
  13  0:13  Probe  
  14  0:19  Pylon  
  14  0:37  Forge  
  14  0:44  Probe  
  15  0:55  Pylon  
  15  1:00  Pylon  
  15  1:01  Pylon  
  15  1:18  Photon Cannon  
  15  1:22  Pylon  
  15  1:32  Pylon  
  15  1:40  Pylon  
  15  1:54  Photon Cannon  
  14  2:03  Photon Cannon  
  14  2:15  Photon Cannon  
  14  2:27  Photon Cannon  
Show
View Real Time Build Order
Export as new Build Order

Michael Zerg 

Build Orders: Hatch First 

Get SALT Encoding   

  12  0:01  Drone  
  13  0:12  Overlord  
  13  0:17  Drone  
  14  0:31  Drone x2  
  14  0:34  Drone  
  17  0:45  Drone  
  18  0:58  Hatchery  
  17  1:13  Spawning Pool  
  16  1:23  Drone x2  
  18  1:25  Drone  
  19  1:34  Drone  
  20  2:05  Roach Warren  
  20  2:06  Zergling x2  
  20  2:08  Overlord  
  22  2:10  Overlord  
  22  2:16  Extractor  
Show
View Real Time Build Order
Export as new Build Order

MonstroTown Terran 

Build Orders:  

Get SALT Encoding   

  12  0:01  SCV  
  13  0:13  SCV  
  14  0:18  Supply Depot  
  14  0:25  SCV  
  15  0:40  SCV  
  15  0:42  Barracks  
  16  0:50  Refinery  
  16  0:52  SCV  
  17  1:08  SCV  
  18  1:19  Barracks  
  18  1:20  SCV  
  19  1:30  Marine  
  20  1:40  Supply Depot  
  20  1:53  Marine  
  19  2:05  Marine  
Tags
 
Add a new tag
Caveats
  • Supply blocks, unpowered buildings, or Contaminate may cause inaccurate times.
  • Supply counts are checked every 10 seconds.